 Dungeon Crawl Stone Soup version 0.31.0-12-g77e489cdc1 (webtiles) character file.

Game seed: 8604583463113192316

8477 jagang the Carver (level 11, -5/89 HPs)
             Began as a Human Monk on Mar 5, 2024.
             Was a High Priest of the Shining One.
             Slain by Agnes
             ... wielding a +0 lajatang
              (15 damage)
             ... on level 14 of the Dungeon.
             The game lasted 00:31:46 (10521 turns).

jagang the Carver (Human Monk)                     Turns: 10521, Time: 00:31:46

Health: -5/89      AC: 23    Str: 22    XL:     11   Next: 31%
Magic:  15/15      EV: 15    Int: 15    God:    the Shining One [*****.]
Gold:   319        SH:  0    Dex: 19    Spells: 10/10 levels left

rFire   . . .        W - +1 great sword of True Grit {flame, Will+ Int+3}
rCold   . . .        (shield currently unavailable)
rNeg    + + .        L - +8 chain mail "Orphuvefy" {*Slow Will++ Str+5}
rPois   .            f - +0 helmet
rElec   .            E - +0 cloak
rCorr   .            Q - +0 pair of gloves
SInv    .            (no boots)
Will    +++..        (no amulet) Stlth
                     g - +5 ring of evasion
HPRegen 0.34/turn    t - +6 ring of strength
MPRegen 0.14/turn

%: slow self (1%)
@: glowing
A: explore regen
a: Renounce Religion, Divine Shield, Cleansing Flame, Summon Divine Warrior


You were on level 14 of the Dungeon.
You worshipped the Shining One.
The Shining One was extremely pleased with you.
You visited 2 branches of the dungeon, and saw 13 of its levels.
You also visited: Sewer and Ossuary.

You collected 487 gold pieces.
You spent 168 gold pieces at shops.

Inventory:

Hand Weapons
 D - a +5 long sword
 K - a +0 heavy long sword
 T - a +2 short sword of freezing
 W - the +1 great sword of True Grit (weapon) {flame, Will+ Int+3}
   (You found it on level 9 of the Dungeon)

   Int+3:     It affects your intelligence (+3).
   Will+:     It increases your willpower.
Missiles
 m - 29 poisoned darts (quivered)
 p - 4 javelins
 C - 3 atropa-tipped darts
 F - 2 curare-tipped darts
Armour
 f - a +0 helmet (worn)
 E - a +0 cloak (worn)
 L - the +8 chain mail "Orphuvefy" (worn) {*Slow Will++ Str+5}
   (You found it on level 5 of the Dungeon)

   Str+5:     It affects your strength (+5).
   Will++:    It greatly increases your willpower.
   *Slow:     It may slow you when you take damage.
 Q - a +0 pair of gloves (worn)
Jewellery
 e - a ring of ice
 g - a +5 ring of evasion (left hand)
 t - a +6 ring of strength (right hand)
 z - a ring of resist corrosion
 V - a +4 ring of protection
Wands
 a - a wand of mindburst (14)
 q - a wand of quicksilver (12)
 P - a wand of polymorph (15)
 S - a wand of roots (10)
Scrolls
 h - 5 scrolls of fear
 i - a scroll of revelation
 j - 4 scrolls of teleportation
 n - 2 scrolls of blinking
 o - 8 scrolls of enchant weapon
 v - 4 scrolls of poison
 x - 7 scrolls of fog
 y - 6 scrolls of enchant armour
 B - a scroll of brand weapon
 G - a scroll of summoning
 H - 2 scrolls of acquirement {unknown}
 I - 3 scrolls of amnesia {unknown}
 N - 3 scrolls of noise {unknown}
 R - 2 scrolls of vulnerability {unknown}
Potions
 b - 4 potions of heal wounds
 c - 2 potions of ambrosia
 d - 2 potions of lignification {unknown}
 k - 2 potions of cancellation {unknown}
 l - 2 potions of degeneration {unknown}
 r - 4 potions of curing
 u - 3 potions of berserk rage {unknown}
 w - 2 potions of mutation {unknown}
 A - 2 potions of might {unknown}
 J - 3 potions of attraction {unknown}
 M - a potion of magic {unknown}
 O - a potion of resistance {unknown}
 U - a potion of enlightenment {unknown}
Miscellaneous
 s - a tin of tremorstones (2/2)


   Skills:
 + Level 9.3 Fighting
 * Level 10.7 Long Blades
 + Level 3.9 Throwing
 + Level 8.3 Armour
 - Level 3.0 Dodging
 + Level 6.0 Invocations


You had 10 spell levels left.
You didn't know any spells.
Your spell library contained the following spells:

 Spells                   Type           Power      Damage    Failure   Level
 Kiss of Death            Conj/Necr      0%         2d5       80%         1
 Ensorcelled Hibernation  Hex/Ice        0%         N/A       91%         2
 Static Discharge         Conj/Air       0%         3-3/arc   91%         2
 Confusing Touch          Hex            0%         N/A       99%         3
 Fugue of the Fallen      Necr           0%         N/A       99%         3
 Airstrike                Air            0%         2d(0-16)  100%        4
 Anguish                  Hex/Necr       0%         N/A       100%        4
 Dispel Undead            Necr           0%         3d6       100%        4
 Summon Lightning Spire   Summ/Air       0%         N/A       100%        4


Dungeon Overview and Level Annotations

Branches:
Dungeon (14/15)            Temple (1/1) D:6            Lair (0/5) D:9
  Sewer (visited)         Ossuary (visited)
    Orc: D:9-12      Vaults: D:13-14

Altars:
Ashenzari
Cheibriados
Dithmenos
Elyvilon
Fedhas
Gozag
Hepliaklqana
Kikubaaqudgha
Makhleb
Nemelex Xobeh
Okawaru
Qazlal
Ru
Sif Muna
Trog
Uskayaw
Vehumet
Wu Jian
Xom
Yredelemnul
Zin
The Shining One

Shops:
D:3 *

Annotations:
D:14 Agnes


Innate Abilities, Weirdness & Mutations

You regain HP and MP as you explore.


Message History

The centaur warrior hits you.
The centaur warrior kicks you but does no damage.
The centaur warrior hits you but does no damage.
The centaur warrior kicks you.
You slice the centaur warrior!! You burn the centaur warrior!
The centaur warrior is severely wounded.
The centaur warrior barely misses you. The centaur warrior kicks you.
You slash the centaur warrior! You burn the centaur warrior.
You kill the centaur warrior!
Your Invocations skill increases to level 6!
Things that are here:
a +0 shortbow; a centaur corpse Agnes the Wanderer comes into view.
She is wielding a +0 lajatang.
Agnes shouts!
Found a scroll of identify.
Agnes hits you with a +0 lajatang!
You barely miss Agnes. Agnes hits you with a +0 lajatang.
Agnes closely misses you.
You barely miss Agnes. Agnes hits you but does no damage.
Agnes hits you with a +0 lajatang!
You slash Agnes! You burn Agnes.
Agnes is lightly wounded.
Agnes misses you. Agnes hits you with a +0 lajatang!
You closely miss Agnes.
Agnes is lightly wounded.
Agnes barely misses you. x2; Agnes closely misses you.
You slice Agnes!! You burn Agnes.
Agnes is moderately wounded.
Agnes misses you. Agnes hits you with a +0 lajatang!
You hit Agnes. You burn Agnes.
Agnes is moderately wounded.
Agnes hits you with a +0 lajatang!!
* * * LOW HITPOINT WARNING * * *
Agnes hits you with a +0 lajatang!
* * * LOW HITPOINT WARNING * * *
You slash Agnes! You burn Agnes.
Agnes is heavily wounded.
Agnes hits you with a +0 lajatang!
You die...
Agnes says, "May you follow the Path of Peace in your next life."

##.#....)####.......#
#........####.......#
........#####.......#
#....########......##
,...#* ##.....##
,..#* ###....# ,..,*
#...## ,,,,** #.###
,,,,,** #@# ,,,,,,*
*#i# ,,,,,,** *..#
,,*,,,,** #..#
****,,,,** #..#
*,,,,,* *#..#
**,,,,*****?.##
**,,,,,,,,..,*
**,,,,,,,,,**,***


You could see Agnes.

Vanquished Creatures
  A centaur warrior (D:14)
  A flayed ghost (D:9)
  Maurice (D:8)
  Jeremiah (D:9)
  A troll (D:9)
  2 hornets
  2 shadows (D:9)
  A fire bat (D:9)
  3 wraiths (D:9)
  4 yaks
  3 steam dragons
  2 acid dragons
  4 water moccasins
  4 ice beasts
  An orc warrior (D:9)
  2 black bears
  A sky beast (D:8)
  2 ogres
  3 centaurs
  2 phantoms
  2 brain worms (Sewer)
  3 bullfrogs
  A kobold brigand (D:10)
  2 scorpions
  10 wights
  7 howler monkeys
  A bombardier beetle (D:5)
  A spectral scorpion (Ossuary)
  2 hounds
  Crazy Yiuf (D:6)
  6 orc priests
  A gnoll bouda (D:8)
  A jelly (D:5)
  2 sleepcaps
  3 iguanas (D:5)
  7 orc wizards
  A crocodile zombie (Ossuary)
  An ogre skeleton (Ossuary)
  8 mummies (Ossuary)
  3 gnolls (D:3)
  10 adders
  2 shadow imps
  A white imp (D:4)
  4 ufetubi
  5 dart slugs
  4 ribbon worms
  26 orcs
  17 bats
  6 endoplasms
  5 giant cockroaches
  10 hobgoblins
  11 jackals
  4 quokkas
  5 ball pythons
  8 frilled lizards
  3 goblins
  11 kobolds
  4 kobold skeletons (Ossuary)
  3 orc skeletons (Ossuary)
  6 rats
  10 spectral rats (Ossuary)
259 creatures vanquished.

Notes
Turn   | Place    | Note
-------+----------+-------------------------------------------
     0 | D:1      | jagang the Human Monk began the quest for the Orb.
     0 | D:1      | Reached XP level 1. HP: 18/18 MP: 1/1
    69 | D:1      | Reached XP level 2. HP: 21/24 MP: 2/2
   292 | D:1      | Reached skill level 1 in Armour
   298 | D:1      | Reached XP level 3. HP: 24/29 MP: 3/3
   608 | D:2      | Found a shadowy altar of Dithmenos.
  1271 | D:3      | Reached XP level 4. HP: 35/35 MP: 4/4
  1271 | D:3      | Found a glowing drain.
  1298 | Sewer    | Entered a sewer
  1318 | Sewer    | Noticed a brain worm
  1343 | Sewer    | Killed a brain worm
  1344 | Sewer    | Reached skill level 4 in Long Blades
  1344 | Sewer    | Reached skill level 1 in Throwing
  1344 | Sewer    | Reached XP level 5. HP: 35/42 MP: 5/5
  1685 | Sewer    | Reached XP level 6. HP: 45/48 MP: 4/6
  1920 | D:3      | Found Oxoe's General Store.
  1924 | D:3      | Bought a scroll of identify for 26 gold pieces
  1963 | D:3      | Found a shadowy altar of Dithmenos.
  2742 | D:3      | Bought a scroll of enchant weapon for 97 gold pieces
  3434 | D:3      | Bought a +0 long sword for 45 gold pieces
  3468 | D:5      | Entered Level 5 of the Dungeon
  3477 | D:5      | Reached skill level 5 in Long Blades
  3509 | D:5      | Reached XP level 7. HP: 48/55 MP: 7/7
  3605 | D:5      | Reached skill level 5 in Fighting
  4039 | D:5      | Reached XP level 8. HP: 54/63 MP: 8/8
  4110 | D:5      | Identified the +8 chain mail "Orphuvefy" {*Slow Will++
                  | Str+5}
  4238 | D:5      | Noticed a yak
  4257 | D:5      | Reached skill level 6 in Long Blades
  4293 | D:5      | Reached skill level 5 in Armour
  4379 | D:5      | Killed a yak
  4821 | D:6      | Found a staircase to the Ecumenical Temple.
  4832 | Temple   | Entered the Ecumenical Temple
  4841 | Temple   | Became a worshipper of the Shining One
  4841 | Temple   | Reached * piety under the Shining One
  4841 | Temple   | Reached ** piety under the Shining One
  4923 | D:6      | Found a sand-covered staircase.
  4928 | Ossuary  | Entered an ossuary
  5087 | Ossuary  | Reached XP level 9. HP: 68/71 MP: 9/9
  5114 | Ossuary  | Reached *** piety under the Shining One
  5313 | Ossuary  | Reached skill level 7 in Long Blades
  5504 | Ossuary  | Reached **** piety under the Shining One
  5942 | D:6      | Found a runed translucent door.
  5943 | D:6      | Noticed Crazy Yiuf
  5953 | D:6      | Killed Crazy Yiuf
  6047 | D:7      | Reached skill level 1 in Invocations
  7153 | D:8      | Found a basalt altar of Yredelemnul.
  7301 | D:8      | Reached skill level 8 in Long Blades
  7854 | D:8      | Noticed Maurice
  7864 | D:8      | Killed Maurice
  7865 | D:8      | Reached XP level 10. HP: 80/80 MP: 12/12
  8251 | D:8      | Reached skill level 9 in Long Blades
  8514 | D:9      | Found a blossoming altar of Fedhas.
  8518 | D:9      | Found a glowing silver altar of Zin.
  8522 | D:9      | Found a bloodstained altar of Trog.
  8524 | D:9      | Found a hide-covered altar of Uskayaw.
  8524 | D:9      | Found a shimmering blue altar of Sif Muna.
  8526 | D:9      | Found a broken altar of Ashenzari.
  8528 | D:9      | Found a stormy altar of Qazlal.
  8717 | D:9      | Noticed Jeremiah
  8749 | D:9      | Killed Jeremiah
  8845 | D:9      | Found a staircase to the Lair.
  9059 | D:9      | Found a runed translucent door.
  9080 | D:9      | Found a shimmering blue altar of Sif Muna.
  9091 | D:9      | Found a basalt altar of Yredelemnul.
  9100 | D:9      | Found an ornate altar of the Wu Jian Council.
  9103 | D:9      | Found a shimmering altar of Xom.
  9135 | D:9      | Reached ***** piety under the Shining One
  9156 | D:9      | Found an ancient bone altar of Kikubaaqudgha.
  9169 | D:9      | Found a glowing silver altar of Zin.
  9208 | D:9      | Reached skill level 5 in Invocations
  9272 | D:9      | Reached skill level 10 in Long Blades
  9283 | D:9      | Reached XP level 11. HP: 54/89 MP: 13/15
  9580 | D:9      | Noticed a flayed ghost
  9589 | D:9      | Killed a flayed ghost
  9593 | D:9      | Identified the +1 great sword of True Grit {flame, Will+
                  | Int+3}
  9648 | D:10     | Entered Level 10 of the Dungeon
 10438 | D:11     | You fall into a shaft and drop 3 floors!
 10491 | D:14     | Noticed a centaur warrior
 10499 | D:14     | Killed a centaur warrior
 10512 | D:14     | Noticed Agnes
 10521 | D:14     | Slain by Agnes

Illustrated notes

Levels and vault maps discovered:
D:1:      mrwooster_arrival_statue_2, layout_rooms, minmay_ruptured
D:2:      layout_basic, basic_altar
D:3:      layout_loops_cross, nicolae_dithmenos_the_darkroom, serial_bayou,
          serial_bayou_pond_c, serial_bayou_lake_a, serial_bayou_ford_a,
          serial_bayou_pond_e, serial_bayou_pond_a, serial_bayou_crossing,
          serial_shops, shop, portal_sewer_entry_c
D:4:      layout_cave_pools
D:5:      minmay_clustersquares, layout_loops_cross
D:6:      layout_basic, minmay_temple_entry_ruins, enter_ossuary_2,
          uniq_crazy_yiuf_cottage
D:7:      layout_basic
D:8:      minmay_bubble_buster, layout_layer_cave, overflow_temple_1_default,
          uniq_maurice
D:9:      due_megacathedral, layout_small_grid, minitemple, lair_entry_dummy,
          serial_glass, glass_columns_a, glass_columns_a, minmay_crystal_water,
          uniq_jeremiah
D:10:     layout_irregular_city
D:11:     minmay_spotlight, layout_long_grid, orc_0_dummy,
          gammafunk_ghost_hydra_chop
D:14:     minmay_skewed_foursquare, layout_cave_pods,
          nicolae_figureground_sparkle, fountainhead, uniq_agnes
Temple:   compressed_dpeg_triangle_lava_temple

Skill      XL: |  1  2  3  4  5  6  7  8  9 10 11 |
---------------+----------------------------------+-----
Armour         | 1 2 3 4 5 6 7 8 |  8.3
Long Blades    | 4 5 6 8 10 | 10.7
Throwing       | 1 2 3 |  3.9
Fighting       | 4 5 6 8 9 |  9.3
Invocations    | 3 5 6 |  6.0
Dodging        | |  3.0

Action                     |  1- 3 |  4- 6 |  7- 9 | 10-12 || total
---------------------------+-------+-------+-------+-------++-------
  Melee: Falchion          |   130 |   203 |       |       ||   333
         Long sword        |       |    22 |   365 |   124 ||   511
         Punch             |       |       |     1 |     3 ||     4
         Great sword       |       |       |       |    42 ||    42
  Throw: Dart              |       |       |     6 |    28 ||    34
         Javelin           |       |       |       |     5 ||     5
         Throwing net      |       |       |       |     2 ||     2
  Evoke: Wand              |       |       |       |     2 ||     2
    Use: Scroll            |       |     4 |     5 |     4 ||    13
         Potion            |       |       |       |     2 ||     2
 Armour: Robe              |    25 |       |       |       ||    25
         Ring mail         |    12 |    83 |    38 |       ||   133
         Chain mail        |       |       |   140 |   149 ||   289
  Dodge: Dodged            |   154 |   168 |   276 |   143 ||   741
